 Dungeon Crawl Stone Soup version 0.29.1-2-gbd0b4ee654 (webtiles) character file.

Game seed: 3011933799121162499

7414 cdecastro the Unseen (level 11, -3/81 HPs)
             Began as a Naga Enchanter on Nov 10, 2022.
             Was a High Priest of Nemelex Xobeh.
             Slain by a vampire mosquito (5 damage)
             ... on level 11 of the Dungeon.
             The game lasted 00:42:30 (15615 turns).

cdecastro the Unseen (Naga Enchanter)              Turns: 15615, Time: 00:42:31

Health: -3/81      AC:  9    Str: 12    XL:     11   Next: 14%
Magic:  13/18      EV: 13    Int: 19    God:    Nemelex Xobeh [*****.]
Gold:   381        SH:  0    Dex: 11    Spells: 6/17 levels left

rFire   + + .      SeeInvis +   b - +0 short sword (elec)
rCold   + . .      Faith    .   (no shield)
rNeg    . . .      Spirit   .   D - +1 robe {rC+}
rPois   +          Reflect  .   d - +2 hat
rElec   .          Harm     .   T - scarf {shadows}
rCorr   .          Rampage  .   r - +1 pair of gloves
Will    +....                   (no barding)
Stlth   ++++++....              (no amulet)
HPRegen 0.23/turn               s - ring of Traps {rF++ EV+4}
MPRegen 0.16/turn               o - +4 ring of slaying

@: confusing by touch, very slow
A: AC +3, large, see invisible, deformed body, poison resistance, slowness 2,
spit poison 1, naga tail 1
a: Spit Poison, Renounce Religion, Draw Escape, Draw Destruction, Draw
Summoning, Triple Draw, Deal Four, Stack Five


You were on level 11 of the Dungeon.
You worshipped Nemelex Xobeh.
Nemelex Xobeh was extremely pleased with you.
You visited 2 branches of the dungeon, and saw 13 of its levels.
You also visited: Ossuary.

You collected 621 gold pieces.
You spent 240 gold pieces at shops.

Inventory:

Hand Weapons
 a - a +2 short sword of venom
 b - a +0 short sword of electrocution (weapon)
 v - a +1 falchion of draining
 y - a +1 dagger
Missiles
 e - 6 atropa-tipped darts
 l - 76 stones
 m - 4 javelins
 u - 4 boomerangs
 A - 4 throwing nets
 F - 23 poisoned darts
 L - 2 curare-tipped darts
Armour
 d - a +2 hat (worn)
 g - a +0 leather armour of cold resistance
 r - a +1 pair of gloves (worn)
 D - a +1 robe of cold resistance (worn)
 M - +0 steam dragon scales
 T - a scarf of shadows (worn)
 U - a +1 cloak
Jewellery
 i - a +6 ring of intelligence
 o - a +4 ring of slaying (right hand)
 s - the ring of Traps (left hand) {rF++ EV+4}
   (You found it on level 3 of the Dungeon)

   [ring of evasion]

   EV:        It affects your evasion (+4).
   rF:        It greatly protects you from fire.
 t - a ring of positive energy
Wands
 O - a wand of acid (5)
 P - a wand of paralysis (11)
 Q - a wand of flame (30)
 R - a wand of iceblast (16)
 W - a wand of mindburst (3)
Scrolls
 h - a scroll of identify
 j - 6 scrolls of poison
 k - 4 scrolls of magic mapping
 n - 5 scrolls of teleportation
 w - 2 scrolls of immolation
 z - 2 scrolls of blinking {unknown}
 I - a scroll of vulnerability {unknown}
 N - a scroll of amnesia {unknown}
 S - a scroll of enchant armour
 V - a scroll of summoning {unknown}
 Y - a scroll of butterflies {unknown}
Potions
 c - 2 potions of invisibility
 f - 13 potions of curing
 p - 2 potions of haste
 q - 2 potions of brilliance {unknown}
 x - a potion of ambrosia {unknown}
 B - 3 potions of flight {unknown}
 C - 2 potions of cancellation {unknown}
 E - 2 potions of might {unknown}
 G - 3 potions of lignification
 H - 2 potions of resistance
 J - 3 potions of mutation
 K - 2 potions of magic
 X - a potion of attraction {unknown}


   Skills:
 - Level 1.0 Short Blades
 - Level 1.5 Dodging
 + Level 17.4 Stealth
 * Level 3.5 Spellcasting
 - Level 8.0 Hexes
 - Level 3.0 Ice Magic
 - Level 10.0 Invocations


You had 6 spell levels left.
You knew the following spells:

 Your Spells              Type           Power      Damage    Failure   Level
a - Ensorcelled Hibernat  Hex/Ice        48%        N/A       2%          2
b - Confusing Touch       Hex            33%        N/A       1%          3
c - Tukima's Dance        Hex            33%        N/A       1%          3
d - Dazzling Flash        Conj/Hex       36%        N/A       9%          3

Your spell library contained the following spells:

 Spells                   Type           Power      Damage    Failure   Level
 Cause Fear               Hex            16%        N/A       5%          4
 Inner Flame              Hex/Fire       18%        N/A       9%          3
 Portal Projectile        Hex/Tloc       36%        N/A       9%          3
 Magic Dart               Conj           12%        1d3       14%         1
 Call Imp                 Summ           3%         N/A       22%         2
 Searing Ray              Conj           6%         2d4       22%         2
 Static Discharge         Conj/Air       3%         3-4/arc   22%         2
 Sublimation of Blood     Necr           3%         N/A       22%         2
 Fulminant Prism          Conj/Hex       9%         3d7       28%         4
 Leda's Liquefaction      Hex/Erth       9%         N/A       28%         4
 Call Canine Familiar     Summ           3%         N/A       41%         3
 Conjure Flame            Conj/Fire      3%         6-21      41%         3
 Gell's Gravitas          Tloc           3%         N/A       41%         3
 Ignite Poison            Fire/Tmut/Pois 3%         N/A       41%         3
 Mephitic Cloud           Conj/Pois/Air  3%         N/A       41%         3
 Teleport Other           Tloc           3%         N/A       41%         3
 Dispel Undead            Necr           3%         3d7       82%         4
 Petrify                  Tmut/Erth      3%         N/A       82%         4
 Sticky Flame             Conj/Fire      3%         2d3       82%         4
 Irradiate                Conj/Tmut      1%         3d12      99%         5
 Dispersal                Tloc           1%         N/A       100%        6
 Discord                  Hex            16%        N/A       100%        8


Dungeon Overview and Level Annotations

Branches:
Dungeon (12/15)            Temple (1/1) D:4            Lair (0/5) D:9
    Orc (0/2) D:11        Ossuary (visited)

Altars:
Ashenzari
Cheibriados
Dithmenos
Elyvilon
Fedhas
Gozag
Hepliaklqana
Kikubaaqudgha
Makhleb
Nemelex Xobeh
Okawaru
Qazlal
Ru
Sif Muna
Trog
Uskayaw
Vehumet
Wu Jian
Xom
Yredelemnul
Zin
The Shining One

Shops:
D:5 *   D:8 *   D:9 (

Annotations:
D:4 4 runed translucent doors, Crazy Yiuf; PorkyPig's ghost, amateur DrCj
D:11 exclusion: ugly thing


Innate Abilities, Weirdness & Mutations

Your serpentine skin is tough. (AC +3)
You have supernaturally acute eyesight. (SInv)
Armour fits poorly on your strangely shaped body.
Your system is resistant to poisons. (rPois)
You cover ground very slowly.
You can spit poison.
You have a snake-like lower body.


Message History

* * * LOW HITPOINT WARNING * * *
The vampire mosquito draws strength from your injuries!
The vampire mosquito bites you!
* * * LOW HITPOINT WARNING * * *
The vampire mosquito draws strength from your injuries!
The vampire mosquito bites you!
* * * LOW HITPOINT WARNING * * *
The vampire mosquito draws strength from your injuries!
Unknown command.
You closely miss the vampire mosquito. The vampire mosquito bites you.
* * * LOW HITPOINT WARNING * * *
The vampire mosquito draws strength from your injuries!
The vampire mosquito bites you.
* * * LOW HITPOINT WARNING * * *
The vampire mosquito draws strength from your injuries!
Unknown command.
You closely miss the vampire mosquito. The vampire mosquito bites you.
* * * LOW HITPOINT WARNING * * *
The vampire mosquito draws strength from your injuries!
The vampire mosquito completely misses you.
Unknown command.
You hit the vampire mosquito but do no damage.
The vampire mosquito barely misses you.
The vampire mosquito closely misses you.
The vampire mosquito bites itself.
The vampire mosquito bites you.
* * * LOW HITPOINT WARNING * * *
The vampire mosquito draws strength from your injuries!
Unknown command.
You barely miss the vampire mosquito. The vampire mosquito barely misses you.
The vampire mosquito bites you.
* * * LOW HITPOINT WARNING * * *
The vampire mosquito draws strength from your injuries!
Unknown command.
You barely miss the vampire mosquito. The vampire mosquito bites you.
* * * LOW HITPOINT WARNING * * *
The vampire mosquito draws strength from your injuries!
The vampire mosquito bites you but does no damage.
The vampire mosquito bites you.
You die...
Your body glows slightly and disappears.

#.....#...## ########.
######....#...######..#...#.
#...##....+...............#.
#.........#...............#.
#...#######...............#.
#...##...##...............#.
#...#....#....##....###...#.
#...+...>##.y.##....###...#.
#...#....##@..##..........##
#...##...##y...#............
#...##...##....#............
#..............#............
#..............#..........##
#..............'))).......##
#...##...##...##[.####....##
#...#######...##..####....##
#.........#.......#.........


You could see 2 vampire mosquitoes.

Vanquished Creatures
  Pikel (D:6)
  A kobold demonologist (D:11)
  A troll (D:9)
  A hornet (D:8)
  Sigmund (D:4)
  2 shadows (D:10)
  2 wraiths
  A wyvern (D:7)
  11 yaks
  A vampire (D:11)
  A steam dragon (D:7)
  2 vampire mosquitoes (D:11)
  A water moccasin (D:5)
  3 orc warriors
  A black bear (D:6)
  An ogre (D:6)
  5 centaurs
  A lemure (D:5)
  2 bullfrogs
  4 kobold brigands
  A gnoll sergeant (D:6)
  A scorpion (D:6)
  4 wights (D:4)
  2 howler monkeys
  7 orc priests
  4 gnoll boudas
  7 hounds
  3 jellies
  2 iguanas
  10 orc wizards
  9 mummies
  23 gnolls
  11 adders
  2 shadow imps (D:7)
  An ufetubus (D:6)
  A worm (D:2)
  5 dart slugs
  29 orcs
  6 ball pythons
  7 bats
  8 endoplasms
  3 giant cockroaches
  7 goblins
  2 hobgoblins (D:1)
  8 jackals (D:2)
  25 kobolds
  3 quokkas
  2 frilled lizards
  2 gnoll zombies (Ossuary)
  A goblin zombie (D:6)
  3 hobgoblin zombies (Ossuary)
  3 kobold zombies (Ossuary)
  An orc zombie (D:6)
  5 rats
251 creatures vanquished.

Vanquished Creatures (others)
  An angel (D:4)
  A dancing weapon (D:6)
  An orc (D:5)
3 creatures vanquished.

Grand Total: 254 creatures vanquished

Notes
Turn   | Place    | Note
-------+----------+-------------------------------------------
     0 | D:1      | cdecastro the Naga Enchanter began the quest for the Orb.
     0 | D:1      | Reached XP level 1. HP: 15/15 MP: 3/3
   413 | D:1      | Reached XP level 2. HP: 22/22 MP: 5/5
   695 | D:1      | Learned a level 2 spell: Ensorcelled Hibernation
   819 | D:1      | Reached skill level 5 in Stealth
  1156 | D:1      | Reached XP level 3. HP: 22/28 MP: 6/6
  1573 | D:2      | Reached XP level 4. HP: 20/36 MP: 7/7
  2350 | D:3      | Reached skill level 6 in Stealth
  2594 | D:3      | Reached skill level 5 in Hexes
  2594 | D:3      | Reached XP level 5. HP: 24/42 MP: 2/8
  2749 | D:3      | Identified the ring of Traps {rF++ EV+4}
  2838 | D:3      | Found a burning altar of Makhleb.
  3493 | D:4      | Found a runed translucent gate.
  3497 | D:4      | Found a runed translucent gate.
  3497 | D:4      | Found a runed translucent gate.
  3497 | D:4      | Noticed PorkyPig's ghost (amateur DrCj)
  3526 | D:4      | Found a staircase to the Ecumenical Temple.
  3555 | D:4      | Reached XP level 6. HP: 23/49 MP: 9/9
  3558 | D:4      | HP: 2/47 [wight/+0 spear (7)]
  3561 | D:4      | Reached skill level 7 in Stealth
  3565 | D:4      | HP: 2/49 [wight/+0 spear (1)]
  3859 | D:4      | Learned a level 3 spell: Confusing Touch
  3863 | D:4      | Learned a level 3 spell: Tukima's Dance
  3998 | Temple   | Entered the Ecumenical Temple
  4169 | Temple   | Became a worshipper of Nemelex Xobeh the Trickster
  4212 | D:4      | Killed an angel
  4255 | D:4      | Found a shimmering altar of Xom.
  4255 | D:4      | Found a glowing silver altar of Zin.
  4715 | D:4      | Reached XP level 7. HP: 55/55 MP: 10/10
  5078 | D:4      | Noticed Sigmund
  5086 | D:4      | Killed Sigmund
  5087 | D:4      | Reached skill level 8 in Stealth
  5185 | D:4      | Found a runed translucent door.
  5186 | D:4      | Noticed Crazy Yiuf
  5364 | D:5      | Entered Level 5 of the Dungeon
  5365 | D:5      | Reached * piety under Nemelex Xobeh
  5777 | D:5      | Reached skill level 9 in Stealth
  5777 | D:5      | Reached XP level 8. HP: 31/62 MP: 2/11
  5928 | D:5      | Learned a level 3 spell: Dazzling Flash
  6026 | D:5      | Reached skill level 1 in Ice Magic
  6359 | D:5      | Found Cuysodox's Commerce Corner.
  6367 | D:5      | Bought a potion of curing for 45 gold pieces
  6442 | D:5      | Received a gift from Nemelex Xobeh
  6659 | D:6      | Noticed Pikel
  6711 | D:6      | Reached skill level 10 in Stealth
  6780 | D:6      | Identified the +0 ring mail "Kowocwuv" {Will- Str+4 Int+4}
  7017 | D:6      | Found a sand-covered staircase.
  7027 | D:6      | Reached skill level 11 in Stealth
  7030 | Ossuary  | Entered an ossuary
  7245 | Ossuary  | Reached skill level 1 in Invocations
  8178 | D:6      | Reached XP level 9. HP: 68/68 MP: 12/12
  8203 | D:6      | Reached ** piety under Nemelex Xobeh
  8254 | D:6      | Found a glowing golden altar of the Shining One.
  8288 | D:6      | Killed Pikel
  8289 | D:6      | Reached skill level 12 in Stealth
  8289 | D:6      | Reached skill level 5 in Invocations
  8517 | D:6      | Reached skill level 13 in Stealth
  9311 | D:7      | Reached skill level 14 in Stealth
  9366 | D:7      | Received a gift from Nemelex Xobeh
  9840 | D:7      | Received a gift from Nemelex Xobeh
 10103 | D:7      | Found a shimmering blue altar of Sif Muna.
 10266 | D:8      | Reached *** piety under Nemelex Xobeh
 10510 | D:8      | Found a blossoming altar of Fedhas.
 10510 | D:8      | Found a stormy altar of Qazlal.
 10511 | D:8      | Found an opulent altar of Gozag.
 10513 | D:8      | Found a shadowy altar of Dithmenos.
 10739 | D:8      | Received a gift from Nemelex Xobeh
 10832 | D:8      | Noticed a hornet
 10835 | D:8      | Killed a hornet
 10836 | D:8      | Reached skill level 15 in Stealth
 10836 | D:8      | Reached XP level 10. HP: 75/75 MP: 13/15
 10951 | D:8      | Found Waek's Assorted Antiques.
 10956 | D:8      | Bought a glowing cloak for 172 gold pieces
 10956 | D:8      | Bought a scroll labelled WOBODY GOARPH for 23 gold pieces
 11330 | D:9      | Found Useer's Weapon Emporium.
 11476 | D:9      | Found a staircase to the Lair.
 11502 | D:9      | Found an iron altar of Okawaru.
 11522 | D:9      | Reached **** piety under Nemelex Xobeh
 11941 | D:10     | Entered Level 10 of the Dungeon
 12794 | D:10     | Reached skill level 16 in Stealth
 14087 | D:11     | Reached skill level 10 in Invocations
 14208 | D:11     | Received a gift from Nemelex Xobeh
 14332 | D:11     | Noticed a kobold demonologist
 14335 | D:11     | Reached ***** piety under Nemelex Xobeh
 14339 | D:11     | Killed a kobold demonologist
 14340 | D:11     | Reached skill level 17 in Stealth
 14340 | D:11     | Reached XP level 11. HP: 81/81 MP: 15/18
 14762 | D:11     | Found a staircase to the Orcish Mines.
 15064 | D:11     | Noticed a red ugly thing
 15448 | D:11     | Received a gift from Nemelex Xobeh
 15614 | D:11     | HP: 3/81 [vampire mosquito (3)]
 15615 | D:11     | Slain by a vampire mosquito

Illustrated notes

Levels and vault maps discovered:
D:1:      amcnicky_arrival_abandoned_market, layout_basic
D:2:      layout_rooms
D:3:      layout_basic, mainiacjoe_overflow_small_starburst, minmay_hedge_maze,
          st_stairs_13, dreamdust_princess_corridor
D:4:      layout_basic, grunt_temple_overflow_order_and_chaos_1,
          minmay_temple_entry_slanted, ebering_ghost_rock_garden, uniq_sigmund,
          uniq_crazy_yiuf_cottage
D:5:      layout_cave_pools, nicolae_alphabet_shops
D:6:      layout_loops_ring, mainiacjoe_overflow_24_doors,
          nicolae_ossuary_entry_giza, uniq_pikel
D:7:      layout_gridville, lemuel_blue_sif_altar, serial_co_window_serial,
          co_window_paths_a, co_window_paths_b, co_window_corner_a,
          co_window_paths_b, co_window_corner_a, co_window_broadway_a,
          co_window_broadway_b, co_window_broadway_c, co_window_broadway_b,
          co_window_paths_c, co_window_2corner, nrook_campfire,
          kennysheep_generic_room_9
D:8:      layout_layer_cave, chequers_temple_overflow_statue_of_worship,
          serial_shops, kennysheep_little_box
D:9:      layout_irregular_city, mainiacjoe_overflow_brackets, lair_entry_dummy,
          serial_shops, nicolae_shop_advertising_works
          [nicolae_subvault_shop_adworks]
D:10:     layout_basic, chequers_garden
D:11:     layout_gridville, minmay_orc_entry_temple_small
D:12:     layout_big_octagon, st_stairs_9, hangedman_abyss_or_decor_lesser_grid
Temple:   hellmonk_temple_flake

Skill      XL: |  1  2  3  4  5  6  7  8  9 10 11 |
---------------+----------------------------------+-----
Stealth        | 5 6 7 9 11 15 17 | 17.4
Hexes          | 4 5 6 7 8 |  8.0
Ice Magic      | 2 3 |  3.0
Invocations    | 4 6 10 | 10.0
Spellcasting   | 3 |  3.5
Short Blades   | |  1.0
Dodging        | |  1.5

Action                   |  1- 3 |  4- 6 |  7- 9 | 10-12 || total
-------------------------+-------+-------+-------+-------++-------
Melee: Dagger            |    88 |   143 |       |       ||   231
       Short sword       |    18 |    11 |   321 |   172 ||   522
       Punch             |       |     3 |       |     2 ||     5
Throw: Dart              |       |       |     1 |     1 ||     2
 Cast: Ensorcelled Hiber |       |    24 |    50 |    48 ||   122
       Confusing Touch   |       |       |     2 |     8 ||    10
       Tukima's Dance    |       |       |     1 |     3 ||     4
Invok: Draw Destruction  |       |       |       |     2 ||     2
 Abil: Spit Poison       |    16 |    11 |     6 |     1 ||    34
  Use: Potion            |       |     1 |     3 |     1 ||     5
       Scroll            |       |       |    15 |     2 ||    17
 Stab: Sleeping          |     6 |    23 |    47 |    35 ||   111
       Invisible         |       |     6 |     6 |       ||    12
       Confused          |       |       |     2 |     5 ||     7
       Distracted        |       |       |     2 |     1 ||     3
Armor: Robe              |    53 |    64 |    99 |    68 ||   284
Dodge: Dodged            |    53 |    96 |   235 |   150 ||   534
